BSA
IRVINE GANG GREEN @ PLYMOUTH ROCKS
04/08/2028
 
TOP OF THE 1ST
Irvine Gang Green batting - Pitching for Plymouth Rocks : RHP José López
Pitching: RHP José López
Batting: LHB Leonardo Medina 0-0: Called Strike
0-1: Ground out 3-1 (Groundball, 34)
Batting: RHB José Salazar 0-0: Foul Ball, location: 2F
0-1: Ball
1-1: Swinging Strike
1-2: Strikes out looking
Batting: LHB Jorge Martínez 0-0: Foul Ball, location: 2F
0-1: Ball
1-1: Foul Ball, location: 2F
1-2: Foul Ball, location: 2F
1-2: Ground out 4-3 (Groundball, 4)
Top of the 1st over - 0 run(s), 0 hit(s), 0 error(s), 0 left on base; Irvine 0 - Plymouth 0
BOTTOM OF THE 1ST
Plymouth Rocks batting - Pitching for Irvine Gang Green : LHP Frank Jackson
Pitching: LHP Frank Jackson
Batting: LHB Roberto García 0-0: Foul Ball, location: 2F
0-1: Foul Ball, location: 2F
0-2: Ball
1-2: Ball
2-2: Foul Ball, location: 2F
2-2: Foul Ball, location: 2F
2-2: Foul Ball, location: 2F
2-2: Ball
3-2: Foul Ball, location: 2F
3-2: SINGLE (Groundball, 56D)
Batting: RHB Wilbert Rodgers 0-0: Ball
1-0: Called Strike
1-1: Grounds into double play, 6-4-3 (Groundball, 6)
Batting: LHB Roy Patrick 0-0: Ball
1-0: Foul Ball, location: 2F
1-1: Called Strike
1-2: Strikes out looking
Bottom of the 1st over - 0 run(s), 1 hit(s), 0 error(s), 0 left on base; Irvine 0 - Plymouth 0
TOP OF THE 2ND
Irvine Gang Green batting - Pitching for Plymouth Rocks : RHP José López
Batting: LHB Víctor Quiñones 0-0: Ball
1-0: Fly out, F9 (Flyball, 89M)
Batting: RHB Buck Jones 0-0: Ball
1-0: Foul Ball, location: 2F
1-1: SINGLE (Groundball, 4MD)
Batting: RHB Eichiro Yamamoto 0-0: Fielders Choice at 2nd, 4-6 (Groundball, 4)
Batting: LHB Tom Baker 0-0: DOUBLE (Line Drive, 9LM)
Eichiro Yamamoto to third
Runner from 3rd tries for Home, throw and OUT!
Top of the 2nd over - 0 run(s), 2 hit(s), 0 error(s), 1 left on base; Irvine 0 - Plymouth 0
BOTTOM OF THE 2ND
Plymouth Rocks batting - Pitching for Irvine Gang Green : LHP Frank Jackson
Batting: RHB Andrés Lara 0-0: Fly out, F8 (Flyball, 89D)
Batting: RHB Taylor McFarland 0-0: Foul Ball, location: 2F
0-1: Ball
1-1: Foul Ball, location: 2F
1-2: Ground out 5-3 (Groundball, 5)
Batting: RHB Jorge Jiménez 0-0: Called Strike
0-1: Ball
1-1: Ball
2-1: Ground out 5-3 (Groundball, 56S)
Bottom of the 2nd over - 0 run(s), 0 hit(s), 0 error(s), 0 left on base; Irvine 0 - Plymouth 0
TOP OF THE 3RD
Irvine Gang Green batting - Pitching for Plymouth Rocks : RHP José López
Batting: RHB Tom Doherty 0-0: Swinging Strike
0-1: Ball
1-1: SINGLE (Flyball, 78S)
Batting: RHB Aaron Wilson 0-0: Called Strike
0-1: Ball
1-1: Foul Ball, location: 2F
1-2: Foul Ball, location: 2F
1-2: Ball
2-2: Ball
3-2: Strikes out swinging
Batting: LHB Leonardo Medina 0-0: Ball
1-0: Ball
2-0: Ball
3-0: Base on Balls
Tom Doherty to second
Batting: RHB José Salazar 0-0: Called Strike
0-1: Grounds into double play, 6-4-3 (Groundball, 6)
Top of the 3rd over - 0 run(s), 1 hit(s), 0 error(s), 1 left on base; Irvine 0 - Plymouth 0
BOTTOM OF THE 3RD
Plymouth Rocks batting - Pitching for Irvine Gang Green : LHP Frank Jackson
Batting: RHB Tadakuni Sugiyama 0-0: Ball
1-0: Swinging Strike
1-1: Foul Ball, location: 2F
1-2: Strikes out swinging
Batting: LHB Barrett Waters 0-0: Ball
1-0: Ball
2-0: Swinging Strike
2-1: Ball
3-1: Base on Balls
Batting: RHB Luis Sánchez 0-0: Called Strike
0-1: Swinging Strike
0-2: Fly out, F9 (Flyball, 9LS)
Batting: LHB Roberto García 0-0: Called Strike
0-1: Ball
1-1: Swinging Strike
1-2: Ball
2-2: Strikes out looking
Bottom of the 3rd over - 0 run(s), 0 hit(s), 0 error(s), 1 left on base; Irvine 0 - Plymouth 0
TOP OF THE 4TH
Irvine Gang Green batting - Pitching for Plymouth Rocks : RHP José López
Batting: LHB Jorge Martínez 0-0: Ball
1-0: Foul Ball, location: 2F
1-1: Ball
2-1: Fly out, F8 (Flyball, 8RS)
Batting: LHB Víctor Quiñones 0-0: Foul Ball, location: 2F
0-1: Hit by Pitch
Batting: RHB Buck Jones 0-0: Grounds into double play, 6-4-3 (Groundball, 6)
Top of the 4th over - 0 run(s), 0 hit(s), 0 error(s), 0 left on base; Irvine 0 - Plymouth 0
BOTTOM OF THE 4TH
Plymouth Rocks batting - Pitching for Irvine Gang Green : LHP Frank Jackson
Batting: RHB Wilbert Rodgers 0-0: Ball
1-0: Swinging Strike
1-1: Ball
2-1: Ball
3-1: Called Strike
3-2: Ground out 5-3 (Groundball, 56S)
Batting: LHB Roy Patrick 0-0: Called Strike
0-1: Ground out 5-3 (Groundball, 56)
Batting: RHB Andrés Lara 0-0: Ball
1-0: Ball
2-0: Fly out, F8 (Flyball, 8RXD)
Bottom of the 4th over - 0 run(s), 0 hit(s), 0 error(s), 0 left on base; Irvine 0 - Plymouth 0
TOP OF THE 5TH
Irvine Gang Green batting - Pitching for Plymouth Rocks : RHP José López
Batting: RHB Eichiro Yamamoto 0-0: Ball
1-0: Bunt missed!
1-1: SOLO HOME RUN (Flyball, 7D), Distance : 408 ft
Batting: LHB Tom Baker 0-0: Called Strike
0-1: Foul Ball, location: 2F
0-2: Fly out, F8 (Line Drive, 78M)
Batting: RHB Tom Doherty 0-0: Ball
1-0: Called Strike
1-1: Ball
2-1: Foul Ball, location: 2F
2-2: Ball
3-2: Base on Balls
Batting: RHB Aaron Wilson 0-0: SINGLE (Line Drive, 4MD)
Tom Doherty to second
Batting: LHB Leonardo Medina 0-0: Ball
1-0: Ball
2-0: Ball
3-0: Swinging Strike
3-1: Called Strike
3-2: Strikes out looking
Batting: RHB José Salazar 0-0: Foul Ball, location: 2F
0-1: Ball
1-1: Ball
2-1: Foul Ball, location: 2F
2-2: Ball
3-2: Ground out 5-3 (Groundball, 56D)
Top of the 5th over - 1 run(s), 2 hit(s), 0 error(s), 2 left on base; Irvine 1 - Plymouth 0
BOTTOM OF THE 5TH
Plymouth Rocks batting - Pitching for Irvine Gang Green : LHP Frank Jackson
Batting: RHB Taylor McFarland 0-0: Ball
1-0: Called Strike
1-1: Fly out, F8 (Flyball, 8RM)
Batting: RHB Jorge Jiménez 0-0: SINGLE (Flyball, 89S)
Batting: RHB Tadakuni Sugiyama 0-0: Ball
1-0: 2-RUN HOME RUN (Flyball, 7D), Distance : 398 ft
Pitching: RHP Alfredo Montalvo
Batting: LHB Barrett Waters 0-0: Ball
1-0: SOLO HOME RUN (Line Drive, 8LXD), Distance : 450 ft
Batting: RHB Luis Sánchez 0-0: Called Strike
0-1: Ball
1-1: Swinging Strike
1-2: Foul Ball, location: 2F
1-2: Ball
2-2: Fly out, F7 (Flyball, 7LM)
Batting: LHB Roberto García 0-0: Ball
1-0: Ball
2-0: Swinging Strike
2-1: Ball
3-1: Called Strike
3-2: Base on Balls
Batting: RHB Wilbert Rodgers 0-0: Foul Ball, location: 2F
0-1: Ball
1-1: Ball
2-1: Foul Ball, location: 2F
2-2: Strikes out swinging
Bottom of the 5th over - 3 run(s), 3 hit(s), 0 error(s), 1 left on base; Irvine 1 - Plymouth 3
TOP OF THE 6TH
Irvine Gang Green batting - Pitching for Plymouth Rocks : RHP José López
Batting: LHB Jorge Martínez 0-0: Foul Ball, location: 2F
0-1: SINGLE (Flyball, 8LS)
Batting: LHB Víctor Quiñones 0-0: Ball
1-0: Foul Ball, location: 2F
1-1: Foul Ball, location: 2F
1-2: Foul Ball, location: 2F
1-2: Foul Ball, location: 2F
1-2: Foul Ball, location: 2F
1-2: Ball
2-2: Ball
3-2: Base on Balls
Jorge Martínez to second
Batting: RHB Buck Jones 0-0: Called Strike
0-1: Ball
1-1: Ball
2-1: Called Strike
2-2: Foul Ball, location: 2F
2-2: Ball
3-2: Fly out, F7 (Flyball, 7S)
Batting: RHB Eichiro Yamamoto 0-0: Ball
1-0: Ball
2-0: Foul Ball, location: 2F
2-1: Fly out, F8 (Flyball, 8RM)
Batting: LHB Tom Baker 0-0: Called Strike
0-1: Fly out, F8 (Line Drive, 8LM)
Top of the 6th over - 0 run(s), 1 hit(s), 0 error(s), 2 left on base; Irvine 1 - Plymouth 3
BOTTOM OF THE 6TH
Plymouth Rocks batting - Pitching for Irvine Gang Green : RHP Alfredo Montalvo
Batting: LHB Roy Patrick 0-0: Ball
1-0: Foul Ball, location: 2F
1-1: Ball
2-1: Called Strike
2-2: Ball
3-2: Ground out 6-3 (Groundball, 6)
Batting: RHB Andrés Lara 0-0: Fly out, F3 (Popup, 34S)
Batting: RHB Taylor McFarland 0-0: Ball
1-0: Foul Ball, location: 2F
1-1: Foul Ball, location: 2F
1-2: SINGLE (Line Drive, 6MD)
Batting: RHB Jorge Jiménez 0-0: Ball
1-0: Foul Ball, location: 2F
1-1: Called Strike
1-2: Foul Ball, location: 2F
1-2: Ball
2-2: Strikes out swinging
Bottom of the 6th over - 0 run(s), 1 hit(s), 0 error(s), 1 left on base; Irvine 1 - Plymouth 3
TOP OF THE 7TH
Irvine Gang Green batting - Pitching for Plymouth Rocks : RHP José López
Pitching: RHP Bartolo García
Batting: RHB Tom Doherty 0-0: Ball
1-0: Ball
2-0: Called Strike
2-1: SINGLE (Groundball, 4MD)
Batting: RHB Aaron Wilson 0-0: Called Strike
0-1: Sac Bunt - play at first, batter OUT! 1-3
Tom Doherty to second
Pitching: LHP Manuel Parra
Batting: LHB Leonardo Medina 0-0: Called Strike
0-1: Ball
1-1: Foul Ball, location: 2F
1-2: Foul Ball, location: 2F
1-2: Ball
2-2: Fly out, F8 (Flyball, 8RS)
Batting: RHB José Salazar 0-0: Called Strike
0-1: Fly out, F5 (Line Drive, 5)
Top of the 7th over - 0 run(s), 1 hit(s), 0 error(s), 1 left on base; Irvine 1 - Plymouth 3
BOTTOM OF THE 7TH
Plymouth Rocks batting - Pitching for Irvine Gang Green : RHP Alfredo Montalvo
Pitching: LHP Santiago González
Batting: RHB Tadakuni Sugiyama 0-0: Ball
1-0: Called Strike
1-1: Foul Ball, location: 2F
1-2: Strikes out looking
Batting: LHB Barrett Waters 0-0: Foul Ball, location: 2F
0-1: Ball
1-1: Foul Ball, location: 2F
1-2: Fly out, F7 (Flyball, 7)
Batting: RHB Luis Sánchez 0-0: Called Strike
0-1: SINGLE (Groundball, 56D)
Batting: LHB Roberto García 0-0: Fly out, F8 (Flyball, 8LD)
Bottom of the 7th over - 0 run(s), 1 hit(s), 0 error(s), 1 left on base; Irvine 1 - Plymouth 3
TOP OF THE 8TH
Irvine Gang Green batting - Pitching for Plymouth Rocks : LHP Manuel Parra
Batting: LHB Jorge Martínez 0-0: Called Strike
0-1: Ball
1-1: TRIPLE (Flyball, 8RXD)
Pitching: RHP Scot MacIntosh
Batting: LHB Víctor Quiñones 0-0: Called Strike
0-1: Ball
1-1: Swinging Strike
1-2: Strikes out looking
Pitching: RHP Lorenzo Aguilar
Batting: RHB Buck Jones 0-0: Ball
1-0: Foul Ball, location: 2F
1-1: Ball
2-1: Foul Ball, location: 2F
2-2: Foul Ball, location: 2F
2-2: Ball
3-2: Fly out, F8 (Flyball, 8LM)
Runner from 3rd tags up, SCORES, throw made
Batting: RHB Eichiro Yamamoto 0-0: Called Strike
0-1: SINGLE (Flyball, 8RS)
Batting: LHB Tom Baker 0-0: Called Strike
0-1: Ball
1-1: Fly out, F7 (Line Drive, 7S)
Top of the 8th over - 1 run(s), 2 hit(s), 0 error(s), 1 left on base; Irvine 2 - Plymouth 3
BOTTOM OF THE 8TH
Plymouth Rocks batting - Pitching for Irvine Gang Green : LHP Santiago González
Batting: RHB Wilbert Rodgers 0-0: Called Strike
0-1: Ball
1-1: Ball
2-1: Foul Ball, location: 2F
2-2: Foul Ball, location: 2F
2-2: Ball
3-2: Base on Balls
Batting: LHB Roy Patrick 0-0: Ball
1-0: Ball
2-0: Called Strike
2-1: Called Strike
2-2: Strikes out swinging
Batting: RHB Andrés Lara 0-0: Called Strike
0-1: Ball
1-1: Swinging Strike
1-2: Foul Ball, location: 2F
1-2: Fly out, F9 (Line Drive, 89D)
Pinch Hitting: SHB Víctor Serrano 0-0: Called Strike
0-1: Ball
1-1: Fly out, F7 (Flyball, 7)
Bottom of the 8th over - 0 run(s), 0 hit(s), 0 error(s), 1 left on base; Irvine 2 - Plymouth 3
TOP OF THE 9TH
Irvine Gang Green batting - Pitching for Plymouth Rocks : RHP Lorenzo Aguilar
Pitching: RHP Robinson Gonzáles
Now at SS: Dave Gray
Batting: RHB Tom Doherty 0-0: Ground out 5-3 (Groundball, 56S)
Pinch Hitting: LHB José Sánchez 0-0: Called Strike
0-1: Called Strike
0-2: Ground out 1-3 (Groundball, 13S)
Batting: LHB Leonardo Medina 0-0: Foul Ball, location: 2F
0-1: Ball
1-1: Foul Ball, location: 2F
1-2: Foul Ball, location: 2F
1-2: Strikes out looking
Top of the 9th over - 0 run(s), 0 hit(s), 0 error(s), 0 left on base; Irvine 2 - Plymouth 3
Tuesday, August 8th, 2017 - OOTP Baseball 17.12 Build 75